 Dungeon Crawl Stone Soup version 0.24.0-41-g2ae2f7f1be (webtiles) character file.

Game seed: 3986008239607978182, levelgen mode: deterministic

1866 Peloso the Carver (level 8, -9/70 HPs)
             Began as a Minotaur Fighter on Dec 15, 2019.
             Was an Initiate of Okawaru.
             Mangled by a sun demon (18 damage)
             ... summoned by an orc sorcerer
             ... in a bailey.
             The game lasted 00:14:26 (5232 turns).

Peloso the Carver (Minotaur Fighter)                Turns: 5232, Time: 00:14:27

Health: -9/70      AC: 18    Str: 26    XL:     8   Next: 90%
Magic:  7/7        EV:  7    Int:  5    God:    Okawaru [......]
Gold:   223        SH: 11    Dex: 12    Spells: 7/7 levels left

rFire    . . .     SeeInvis +   a - +0 long sword
rCold    . . .     Gourm    .   c - +0 shield
rNeg     . . .     Faith    .   A - +0 plate armour
rPois    .         Spirit   .   (helmet restricted)
rElec    .         Reflect  .   (no cloak)
rCorr    .         Harm     .   (no gloves)
MR       .....                  g - +0 pair of boots
Stlth    ..........             (no amulet)
HPRegen  0.21/turn              l - ring of see invisible
MPRegen  0.10/turn              (no ring)

@: mighty
A: retaliatory headbutt, horns 2, iridescent scales 1, yellow scales 1, wild
magic 1
a: Renounce Religion


You were in a bailey.
You worshipped Okawaru.
Okawaru was noncommittal.
You were very hungry.

You visited 2 branches of the dungeon, and saw 8 of its levels.
You also visited: Ossuary and Bailey.

You collected 223 gold pieces.

Inventory:

Hand Weapons
 a - a +0 long sword (weapon)
Armour
 b - a +0 chain mail
 c - a +0 shield (worn)
 g - a +0 pair of boots (worn)
 A - a +0 plate armour (worn)
Jewellery
 l - a ring of see invisible (left hand)
Wands
 r - a wand of polymorph (10)
 y - a wand of random effects (17)
Scrolls
 e - 2 scrolls of identify
 h - 4 scrolls of remove curse
 i - 2 scrolls of blinking
 k - a scroll of noise
 m - 2 scrolls of enchant weapon {unknown}
 n - a scroll of fog
 o - 2 scrolls of teleportation
 s - 2 scrolls of random uselessness {unknown}
 u - 3 scrolls of fear {unknown}
 v - 4 scrolls of amnesia {unknown}
 w - a scroll of summoning
 x - a scroll of enchant armour {unknown}
Potions
 d - 2 potions of might
 j - a potion of flight
 p - 2 potions of heal wounds
 q - 3 potions of curing
 t - a potion of haste
 z - a potion of agility
Comestibles
 f - 6 rations


   Skills:
 + Level 6.1 Fighting
 + Level 9.0 Long Blades
 + Level 7.3 Armour
 + Level 2.2 Dodging
 + Level 0.4 Stealth
 + Level 7.5 Shields


You had 7 spell levels left.
You didn't know any spells.
Your spell library contained the following spells:

 Spells                   Type           Power        Failure   Level  Hunger
 Corona                   Hex            #......      100%        1    ##.....
 Shock                    Conj/Air       #...         100%        1    ##.....
 Ensorcelled Hibernation  Hex/Ice        #.....       100%        2    ###....
 Swiftness                Chrm/Air       #.......     100%        2    ###....
 Confuse                  Hex            #.......     100%        3    ####...
 Dazzling Spray           Conj/Hex       #.....       100%        3    ####...
 Static Discharge         Conj/Air       #.......     100%        3    ####...
 Tukima's Dance           Hex            #.......     100%        3    ####...
 Airstrike                Air            #.........   100%        4    #####..
 Lightning Bolt           Conj/Air       #.........   100%        5    ######.


Dungeon Overview and Level Annotations

Branches:
Dungeon (7/15)             Temple (1/1) D:6         Ossuary (visited)
 Bailey (1/1)

Altars:
Ashenzari
Cheibriados
Dithmenos
Fedhas
Gozag
Kikubaaqudgha
Makhleb
Nemelex Xobeh
Okawaru
Qazlal
Ru
Trog
Uskayaw
Xom
The Shining One

Shops:
D:5 *


Innate Abilities, Weirdness & Mutations

You reflexively headbutt those who attack you in melee.
You have a pair of horns on your head.
You are partially covered in iridescent scales. (AC +2)
You are partially covered in yellow scales. (AC +2)
Your spells are a little harder to cast, but a little more powerful.


Message History

The orc sorcerer mumbles some strange words.
The orc high priest invokes the aid of Beogh against you.
Beogh smites you!
The hobgoblin hits you but does no damage.
You feel very mighty all of a sudden.
You barely miss the hobgoblin. You headbutt the hobgoblin.
You kill the hobgoblin!
Okawaru accepts your kill.
The sun demon hits you but does no damage.
You hit the sun demon.
The sun demon is lightly wounded.
The sun demon hits you!!
You are engulfed in flames!!
* * * LOW HITPOINT WARNING * * *
The orc sorcerer gestures wildly while chanting.
You hit the sun demon.
The sun demon is lightly wounded.
The sun demon hits you!
* * * LOW HITPOINT WARNING * * *
You are engulfed in flames!!
You die...

#≈≈≈≈≈# #≈≈≈≈≈# #+#######
#≈≈≈≈≈# #.......# #≈≈≈≈≈#
+.838.8.# #≈≈≈≈≈#
#.oo3...######≈≈≈≈≈#
#....#@.....#.≈≈≈≈≈≈#
!!#..gg#......#.≈≈≈≈≈.###
#..#....#####''#.≈≈≈≈≈....
#..#o3oo##.....#.≈≈≈≈≈....
##+#..o.##....)'..........
#._..##..⌠.)'..........
#.... #....)'..........
#....)#.≈≈≈≈≈....
####++#.≈≈≈≈≈....


You could see a sun demon, a neqoxec, an orc sorcerer and an orc warrior.

Vanquished Creatures
  A hungry ghost (D:6)
  A water moccasin (D:5)
  An orc warrior (Bailey)
  A centaur (D:6)
  A bullfrog (D:6)
  A howler monkey (D:4)
  A bullfrog zombie (Ossuary)
  2 crimson imps
  3 centaur zombies (Ossuary)
  A jelly (D:6)
  A quasit (D:6)
  2 hounds (D:5)
  4 orc wizards (D:4)
  16 mummies (Ossuary)
  8 worker ants
  2 iguanas (D:4)
  3 hound zombies (Ossuary)
  A howler monkey zombie (Ossuary)
  Robin (D:4)
  8 adders
  2 shadow imps
  A worm zombie (D:4)
  An adder skeleton (D:4)
  3 adder zombies (Ossuary)
  5 worms
  5 dart slugs
  4 leopard geckos
  9 orcs
  2 giant cockroaches (D:2)
  10 hobgoblins
  6 jackals
  4 quokkas
  9 ball pythons
  4 bats
  2 frilled lizards
  A giant cockroach zombie (Ossuary)
  30 goblins
  A jackal zombie (Ossuary)
  6 kobolds
  A kobold zombie (D:4)
  A leopard gecko zombie (Ossuary)
  2 quokka zombies (Ossuary)
  7 rats
175 creatures vanquished.

Notes
Turn   | Place    | Note
-------+----------+-------------------------------------------
     0 | D:1      | Peloso the Minotaur Fighter began the quest for the Orb.
     0 | D:1      | Reached XP level 1. HP: 19/19 MP: 0/0
   165 | D:1      | Reached XP level 2. HP: 23/27 MP: 1/1
   346 | D:1      | Reached XP level 3. HP: 33/33 MP: 2/2
   493 | D:2      | Found an opulent altar of Gozag.
   798 | D:2      | Reached skill level 3 in Long Blades
   830 | D:2      | Reached XP level 4. HP: 40/40 MP: 3/3
  1482 | D:3      | Found a hide-covered altar of Uskayaw.
  1487 | D:3      | Found a shadowy altar of Dithmenos.
  1594 | D:3      | Found a blossoming altar of Fedhas.
  1743 | D:3      | Reached skill level 4 in Long Blades
  1743 | D:3      | Reached XP level 5. HP: 32/46 MP: 4/4
  1982 | D:3      | Gained mutation: You possess an exceptional clarity of
                  | mind. [potion of mutation]
  1982 | D:3      | Gained mutation: You are clumsy. (Dex -2) [potion of
                  | mutation]
  1982 | D:3      | Gained mutation: Your skin changes colour to match your
                  | surroundings (Stealth+). [potion of mutation]
  2168 | D:4      | Reached skill level 1 in Dodging
  2362 | D:4      | Found a sand-covered staircase.
  2384 | Ossuary  | Entered an ossuary
  2398 | Ossuary  | Reached skill level 5 in Armour
  2404 | Ossuary  | Reached skill level 5 in Long Blades
  2404 | Ossuary  | Reached XP level 6. HP: 9/53 MP: 5/5
  2442 | Ossuary  | HP: 2/53 [mummy (13)]
  2523 | Ossuary  | Reached skill level 5 in Shields
  2706 | Ossuary  | Lost mutation: You possess an exceptional clarity of mind.
                  | [potion of mutation]
  2706 | Ossuary  | Lost mutation: You are clumsy. (Dex -2) [potion of
                  | mutation]
  2706 | Ossuary  | Lost mutation: Your skin changes colour to match your
                  | surroundings (Stealth+). [potion of mutation]
  2706 | Ossuary  | Gained mutation: You are partially covered in iridescent
                  | scales. (AC +2) [potion of mutation]
  2706 | Ossuary  | Gained mutation: You are partially covered in yellow
                  | scales. (AC +2) [potion of mutation]
  2706 | Ossuary  | Gained mutation: Your spells are a little harder to cast,
                  | but a little more powerful. [potion of mutation]
  2756 | Ossuary  | Reached skill level 6 in Long Blades
  2777 | Ossuary  | Reached XP level 7. HP: 52/60 MP: 6/6
  2835 | Ossuary  | Reached skill level 5 in Fighting
  2856 | Ossuary  | Reached skill level 7 in Long Blades
  3228 | D:4      | Found a shattered altar of Ashenzari.
  3228 | D:4      | Found a glowing golden altar of the Shining One.
  3396 | D:4      | Reached skill level 8 in Long Blades
  3411 | D:4      | Noticed Robin
  3421 | D:4      | Killed Robin
  3421 | D:4      | Reached XP level 8. HP: 65/68 MP: 7/7
  3620 | D:5      | Entered Level 5 of the Dungeon
  4088 | D:5      | Found a stormy altar of Qazlal.
  4194 | D:5      | Found a snail-covered altar of Cheibriados.
  4328 | D:5      | Found Afeiv's Serpentskin Sales.
  4846 | D:6      | Found a shimmering altar of Xom.
  4923 | D:6      | Found a staircase to the Ecumenical Temple.
  4932 | Temple   | Entered the Ecumenical Temple
  5012 | Temple   | Became a worshipper of Warmaster Okawaru
  5100 | D:7      | Found a flagged portal.
  5131 | Bailey   | Entered a bailey
  5165 | Bailey   | Reached skill level 9 in Long Blades
  5224 | Bailey   | Found an iron altar of Okawaru.
  5224 | Bailey   | Noticed an orc sorcerer
  5224 | Bailey   | Noticed an orc high priest
  5226 | Bailey   | Noticed a sun demon
  5232 | Bailey   | Mangled by a sun demon

Levels and vault maps discovered:
D:1:      tarquinn_simple_flora_water_d, layout_rooms
D:2:      layout_basic, nicolae_overflow_hidden_temple, first_ration
D:3:      layout_loops_ring, fedhas_altar_4, minitemple
D:4:      kennysheep_goblin_castle, layout_rooms,
          gammafunk_temple_overflow_wave, enter_ossuary_3
D:5:      layout_cave_pools, lemuel_doored_altar, slow_altar_1, st_stairs_12,
          guppyfry_shop_venom
D:6:      layout_basic, nicolae_overflow_crystal_walls, temple_hall,
          chequers_serial_rivers_micro_e, minmay_misc_feat_pillars
D:7:      kennysheep_seaside_town, layout_loops_ring, kennysheep_ying_yang,
          overflow_temple_1_default, enter_bailey_3
Temple:   nicolae_temple_figure_zero
Bailey:   bailey_axe_of_yendor_kennysheep, bailey

Skill      XL: |  1  2  3  4  5  6  7  8 |
---------------+-------------------------+-----
Armour         | 4 5 6 7 |  7.3
Shields        | 4 5 7 |  7.5
Fighting       | 4 5 6 |  6.1
Long Blades    | 3 4 5 6 8 9 |  9.0
Dodging        | 1 2 |  2.2
Stealth        | |  0.4

Action                   |  1- 3 |  4- 6 |  7- 9 || total
-------------------------+-------+-------+-------++-------
Melee: Long sword        |    83 |   170 |   271 ||   524
       Headbutt          |    12 |    33 |    64 ||   109
  Use: Potion            |     3 |     5 |     6 ||    14
       Scroll            |       |     3 |     6 ||     9
  Eat: Chunk             |       |     4 |     7 ||    11
       Ration            |       |     1 |       ||     1
Armor: Scale mail        |    56 |    11 |       ||    67
       Chain mail        |       |    69 |   126 ||   195
       Skin              |       |     6 |       ||     6
       Plate armour      |       |       |    17 ||    17
Dodge: Dodged            |    33 |    46 |    64 ||   143
Block: Shield            |    57 |    82 |   153 ||   292
       Rpst.: Long sword |     9 |    15 |    21 ||    45
